 Dungeon Crawl Stone Soup version 0.30-a0-358-g0d69a1922f (webtiles) character file.

Game seed: 2576252073955222203

278 KennySheep the Conjurer (level 5, -9/38 HPs)
             Began as a Demigod Conjurer on Nov 10, 2022.
             Mangled by a gnoll
             ... wielding a +0 halberd
             ... led by a gnoll bouda
              (15 damage)
             ... on level 5 of the Dungeon.
             The game lasted 00:07:53 (4019 turns).

KennySheep the Conjurer (Demigod Conjurer)          Turns: 4019, Time: 00:07:54

Health: -9/38      AC:  2    Str:  8    XL:     5   Next: 75%
Magic:  5/12       EV: 12    Int: 24    God:
Gold:   217        SH:  0    Dex: 12    Spells: 2/9 levels left

rFire   . . .      SeeInvis .    a - +2 short sword (venom)
rCold   . . .      Faith    .    (no shield)
rNeg    . . .      Spirit   .    c - +0 robe
rPois   .          Reflect  .    (no helmet)
rElec   .          Harm     .    (no cloak)
rCorr   .          Rampage  .    (no gloves)
Will    .....                    (no boots)
Stlth   ++........               (no amulet)
HPRegen 0.26/turn                k - ring of ice
MPRegen 0.13/turn                n - ring of fire

@: no status effects
A: high MP 1, forlorn, divine attributes
a: no special abilities


You were on level 5 of the Dungeon.
You visited 1 branch of the dungeon, and saw 5 of its levels.

You collected 227 gold pieces.
You spent 10 gold pieces at shops.

Inventory:

Hand Weapons
 a - a +2 short sword of venom (weapon)
Armour
 c - a +0 robe (worn)
Magical Staves
 s - a staff of fire
Jewellery
 k - a ring of ice (left hand)
 n - a ring of fire (right hand)
 r - a ring of willpower
Scrolls
 d - a scroll of teleportation {unknown}
 f - 2 scrolls of amnesia {unknown}
 i - a scroll of butterflies {unknown}
 l - 2 scrolls of summoning {unknown}
 m - 2 scrolls of enchant weapon {unknown}
 o - 4 scrolls of identify {unknown}
 t - a scroll of magic mapping {unknown}
 u - a scroll of fear {unknown}
 v - a scroll of vulnerability {unknown}
 w - a scroll of poison {unknown}
Potions
 b - a potion of magic
 e - 2 potions of cancellation {unknown}
 g - a potion of resistance {unknown}
 h - a potion of degeneration
 j - a potion of haste {unknown}
 p - 2 potions of attraction {unknown}
 q - a potion of curing {unknown}


   Skills:
 - Level 1.7 Dodging
 - Level 1.7 Stealth
 + Level 2.8 Spellcasting
 * Level 5.0 Conjurations
 * Level 3.2 Translocations


You had 2 spell levels left.
You knew the following spells:

 Your Spells              Type           Power      Damage    Failure   Level
a - Magic Dart            Conj           100%       1d8       1%          1
b - Searing Ray           Conj           54%        2d6       1%          2
c - Iskenderun's Mystic   Conj/Tloc      23%        2d6       21%         4

Your spell library contained the following spells:

 Spells                   Type           Power      Damage    Failure   Level
 Kiss of Death            Conj/Necr      60%        2d10      3%          1
 Momentum Strike          Conj/Tloc      46%        3d9       3%          2
 Blink                    Tloc           36%        N/A       4%          2
 Freeze                   Ice            20%        1d4       11%         1
 Lesser Beckoning         Tloc           36%        N/A       9%          3
 Dazzling Flash           Conj/Hex       30%        N/A       12%         3
 Hailstorm                Conj/Ice       23%        3d7       12%         3
 Confusing Touch          Hex            3%         N/A       32%         3
 Frozen Ramparts          Ice            10%        1d2       32%         3
 Fulminant Prism          Conj/Hex       7%         3d7       36%         4
 Dispel Undead            Necr           3%         3d7       73%         4


Dungeon Overview and Level Annotations

Branches:
Dungeon (5/15)
 Temple: D:4-7

Shops:
D:1 !


Innate Abilities, Weirdness & Mutations

You have an increased reservoir of magic. (+10% MP)
You shall have no god before yourself.
Your divine heritage dramatically boosts your attributes as you level up.


Message History

A gnoll comes into view. It is wielding a +0 club.
The gnoll hits you from afar with a +0 spear of venom.
You are more poisoned.
The searing ray hits the gnoll!
The gnoll is almost dead.
The searing ray hits the gnoll!
The gnoll is almost dead.
You finish channelling your searing ray.
You feel very sick. The gnoll barely misses you. The gnoll misses you.
You feel very sick.
You feel very sick.
Okay, then.
* * * LOW HITPOINT WARNING * * *
You feel very sick.
* * * LOW HITPOINT WARNING * * *
You feel sick.
* * * LOW HITPOINT WARNING * * *
You feel sick.
* * * LOW HITPOINT WARNING * * *
You feel sick.
* * * LOW HITPOINT WARNING * * *
You feel sick.
* * * LOW HITPOINT WARNING * * *
You feel sick.
* * * LOW HITPOINT WARNING * * *
You feel sick.
There is an open door here.
* * * LOW HITPOINT WARNING * * *
You feel sick.
* * * LOW HITPOINT WARNING * * *
You feel sick.
You are no longer poisoned.
Okay, then.
Okay, then.
You open the door. The gnoll misses you.
There is an open door here.
There is a stone staircase leading up here.
The gnoll hits you from afar with a +0 halberd!
You die...

.#.## ##.).....## .###
##.....## .# ##...##
.# ##g## .###### #.#
......#### #.#
###......###g###
#.#.##.....g.########.
#.#.##.#....g.@.......
#.#.##.##...##########
#.#....###.## #.####.#
### #.# #.# #.. ..#
### ###


You could see 3 gnolls.

Vanquished Creatures
  A scorpion (D:4)
  A gnoll bouda (D:5)
  An iguana (D:4)
  An orc wizard (D:3)
  7 adders
  A worm (D:2)
  4 dart slugs
  3 orcs (D:3)
  5 endoplasms
  3 giant cockroaches
  7 goblins
  8 hobgoblins
  6 kobolds
  4 quokkas
  7 ball pythons
  A bat (D:2)
  2 frilled lizards (D:2)
  8 rats
70 creatures vanquished.

Notes
Turn   | Place    | Note
-------+----------+-------------------------------------------
     0 | D:1      | KennySheep the Demigod Conjurer began the quest for the
                  | Orb.
     0 | D:1      | Reached XP level 1. HP: 14/14 MP: 5/5
   263 | D:1      | Reached XP level 2. HP: 20/20 MP: 1/7
   266 | D:1      | Learned a level 2 spell: Searing Ray
   348 | D:1      | Reached skill level 1 in Translocations
   392 | D:1      | Found Doullim's Distillery.
   398 | D:1      | Bought a potion of degeneration for 10 gold pieces
  1167 | D:2      | Reached skill level 4 in Conjurations
  1200 | D:2      | Reached XP level 3. HP: 26/26 MP: 4/8
  1747 | D:2      | Reached XP level 4. HP: 33/33 MP: 4/10
  2534 | D:3      | Identified the +8 falchion of Raenuoje {holy, Fly rC+ rN+
                  | Dex-4}
  2798 | D:3      | Learned a level 4 spell: Iskenderun's Mystic Blast
  3141 | D:4      | Reached XP level 5. HP: 33/38 MP: 1/12
  3143 | D:4      | Identified the +4 scale mail of Focus {Harm}
  3507 | D:4      | Reached skill level 5 in Conjurations
  3913 | D:5      | Entered Level 5 of the Dungeon
  4002 | D:5      | HP: 1/38 [poisoned by a gnoll]
  4019 | D:5      | Mangled by a gnoll

Illustrated notes

Levels and vault maps discovered:
D:1:      nzn_arrival_water_spiral, layout_loops_cross, serial_forest,
          infiniplex_forest_lined_3, infiniplex_forest_straight_3,
          infiniplex_forest_clump_small, infiniplex_forest_clump_double,
          infiniplex_forest_straight_2, infiniplex_forest_zigzag_1,
          infiniplex_forest_lined_4_way, hellmonk_ecumenical_altar_blasted,
          serial_shops, shop
D:2:      layout_basic, minmay_three_crescents
D:3:      layout_loops_ring
D:4:      layout_basic
D:5:      layout_loops_corners

Skill      XL: |  1  2  3  4  5 |
---------------+----------------+-----
Translocations | 1 2 3 |  3.2
Spellcasting   | 2 |  2.8
Conjurations   | 4 5 |  5.0
Dodging        | |  1.7
Stealth        | |  1.7

Action                   |  1- 3 |  4- 6 || total
-------------------------+-------+-------++-------
Melee: Unarmed           |    11 |       ||    11
       Short sword       |     8 |    13 ||    21
       Staff             |       |     4 ||     4
 Cast: Magic Dart        |    81 |    68 ||   149
       Searing Ray       |       |     4 ||     4
Armor: Robe              |     3 |     2 ||     5
Dodge: Dodged            |    10 |    22 ||    32

Table legend: (Time is in decaauts)
 A = Elapsed time spent in this place.
 B = Non-inter-level travel time spent in this place.
 C = Inter-level travel time spent in this place.
 D = Time resting spent in this place.
 E = Time spent auto-exploring this place.
 F = Levels seen in this place.
 G = Mean time per level.
                   A        B        C        D        E       F      G
               +--------+--------+--------+--------+--------+-----+--------+
         Total |   4021 |   3947 |     74 |    113 |   3421 |   5 |  804.2 |
       Dungeon |   4021 |   3947 |     74 |    113 |   3421 |   5 |  804.2 |
               +--------+--------+--------+--------+--------+-----+--------+

Top non-repeatable levels by time:
     D:1: 1048 daAuts
     D:3: 1015 daAuts
     D:2: 1008 daAuts
     D:4: 842 daAuts
     D:5: 105 daAuts
